 Dungeon Crawl Stone Soup version 0.28.0-49-g6dfe1f597d (webtiles) character file.

Game seed: 18419980229925878402

417 hawla the Firebug (level 6, 0/37 HPs)
             Began as a Felid Fire Elementalist on May 16, 2022.
             Slain by a gnoll
             ... wielding a +0 spear
              (8 damage)
             ... on level 5 of the Dungeon.
             The game lasted 00:17:18 (6540 turns).

hawla the Firebug (Felid Fire Elementalist)         Turns: 6540, Time: 00:17:19

Health: 0/37       AC:  2    Str:  4    XL:     6   Next: 61%
Magic:  0/10       EV: 19    Int: 19    God:
Gold:   137        SH:  0    Dex: 16    Spells: 3/10 levels left
                                        Lives:  0   Deaths: 2

rFire   . . .      SeeInvis +     - Unarmed
rCold   . . .      Faith    .   (shield unavailable)
rNeg    . . .      Spirit   .   (armour unavailable)
rPois   .          Reflect  .   (helmet unavailable)
rElec   .          Harm     .   (cloak unavailable)
rCorr   .          Rampage  .   (gloves unavailable)
Will    .....                   (boots unavailable)
Stlth   ..........              (no amulet)
HPRegen 0.12/turn               (no ring)
MPRegen 0.12/turn               (no ring)

@: berserking, very quick
A: very small, claws 1, fangs 3, see invisible, speed 1, shaggy fur 2, stealthy
paws, no weapons or thrown items, no armour, multi-lived
a: no special abilities


You were on level 5 of the Dungeon.
You visited 1 branch of the dungeon, and saw 5 of its levels.

You collected 137 gold pieces.

Inventory:

Jewellery
 j - a ring of fire
Wands
 f - a wand of iceblast (6)
 h - a wand of acid (7)
 i - a wand of flame (11)
Potions
 a - 2 potions of haste {unknown}
 b - a potion of heal wounds
 c - 4 potions of curing
 d - a potion of cancellation
 g - a potion of mutation {unknown}


   Skills:
 + Level 0.6 Fighting
 + Level 4.8 Dodging
 - Level 3.7 Stealth
 + Level 1.5 Unarmed Combat
 - Level 2.6 Spellcasting
 * Level 5.1 Conjurations
 + Level 5.4 Fire Magic


You had 3 spell levels left.
You knew the following spells:

 Your Spells              Type           Power      Damage    Failure   Level
a - Foxfire               Conj/Fire      88%        2x1d8     1%          1
b - Scorch                Fire           46%        2d7       2%          2
c - Flame Wave            Conj/Fire      22%        2d7       19%         4

Your spell library contained the following spells:

 Spells                   Type           Power      Damage    Failure   Level
 Magic Dart               Conj           88%        1d7       1%          1
 Conjure Flame            Conj/Fire      22%        6-21      5%          3
 Inner Flame              Hex/Fire       12%        N/A       16%         3
 Ignite Poison            Fire/Tmut/Pois 9%         N/A       22%         3
 Call Imp                 Summ           2%         N/A       24%         2
 Corpse Rot               Necr/Air       4%         N/A       24%         2
 Poisonous Vapours        Pois/Air       4%         N/A       24%         2
 Mephitic Cloud           Conj/Pois/Air  9%         N/A       24%         3
 Call Canine Familiar     Summ           2%         N/A       43%         3
 Summon Guardian Golem    Hex/Summ       2%         N/A       43%         3
 Sticky Flame             Conj/Fire      22%        2d4       19%         4
 Leda's Liquefaction      Hex/Erth       1%         N/A       85%         4
 Orb of Destruction       Conj           11%        9d6       100%        7
 Spellforged Servitor     Conj/Summ      6%         N/A       100%        7
 Portal Projectile        Hex/Tloc       Unusable   N/A       N/A         3

Dungeon Overview and Level Annotations

Branches:
Dungeon (5/15)
 Temple: D:4-7

Altars:
Ashenzari
Dithmenos
Zin
Beogh

Annotations:
D:2 Terence
D:4 Eustachio


Innate Abilities, Weirdness & Mutations

You have sharp claws.
You have razor-sharp teeth.
You have supernaturally acute eyesight. (SInv)
You cover ground quickly. (Speed+)
You are covered in thick fur. (AC +2)
Your paws help you pounce on unaware monsters.
You are incapable of wielding weapons or throwing items.
You cannot wear armour.
You gain extra lives every three experience levels.


Message History

The orc wizard is heavily wounded.
The orc priest looks braver for a moment.
The gnoll misses you. The iguana bites you.
You aren't carrying any scrolls.
Okay, then.
You scratch the iguana but do no damage.
The iguana is severely wounded.
The gnoll is no longer more vulnerable to fire.
The orc wizard barely misses you.
An orc comes into view. It is wielding a +0 trident.
The gnoll hits you from afar with a +0 spear.
The iguana bites you.
You closely miss the iguana.
The iguana is severely wounded.
The gnoll is no longer more vulnerable to fire.
The orc wizard points at you and mumbles some strange words.
The puff of flame misses you.
The puff of flame hits the iguana.
The iguana is burned terribly!
The iguana dies!
The orc hits you but does no damage. The gnoll completely misses you.
You feel much better. The orc wizard closely misses you.
The orc hits you from afar with a +0 spear.
The sky beast flickers out of sight for a moment.
The gnoll hits you from afar with a +0 spear!
The orc wizard gestures at you while chanting.
The puff of flame misses you.
The puff of flame hits the gnoll.
The gnoll hits you with a +0 spear!
* * * LOW HITPOINT WARNING * * *
You see here an iguana corpse.
Unknown command.
It was a potion of curing.
You feel better. The gnoll completely misses you.
The gnoll hits you from afar with a +0 spear.
The orc priest looks encouraged for a moment.
The gnoll hits you with a +0 spear.
* * * LOW HITPOINT WARNING * * *
It was a potion of berserk rage.
A red film seems to cover your vision as you go berserk!
You feel yourself moving faster!
You feel mighty! The gnoll barely misses you.
The gnoll hits you from afar with a +0 spear!
You die...

.....# ####.# #.# ####.#
.....#
.#########################
......)..................>
##################....###.#
..ooY.....oo.Yoo@gg...# .#
.....#############go..###.#
.###.## #..........# .#
#.§# #..........# .# ##§##
#..........# .# #.Y#
#.).gW.....# .# ##.#
#....g.....# .## #..#
#..........# ..# #....
....#.######.#


You could see a sky beast (invisible), an orc priest, an orc wizard (invisible),
3 gnolls and 3 orcs.

Vanquished Creatures
  Grinder (D:3)
  Sigmund (D:4)
  An ogre (D:4)
  A howler monkey (D:4)
  A bullfrog zombie (D:5)
  A jelly (D:4)
  An orc priest (D:3)
  Jessica (D:3)
  A gnoll shaman (D:4)
  2 iguanas (D:4)
  Natasha (thrice) (D:3)
  A howler monkey skeleton (D:4)
  5 gnolls (D:4)
  5 adders
  2 dart slugs
  4 orcs
  6 endoplasms
  4 giant cockroaches
  2 goblins
  3 hobgoblins
  8 jackals
  4 quokkas
  6 ball pythons
  7 bats
  A frilled lizard (D:3)
  6 kobolds
  4 rats
82 creatures vanquished.

Vanquished Creatures (collateral kills)
  2 foxfires (D:2)
2 creatures vanquished.

Vanquished Creatures (others)
  An iguana (D:5)
  274 foxfires
275 creatures vanquished.

Grand Total: 359 creatures vanquished

Notes
Turn   | Place    | Note
-------+----------+-------------------------------------------
     0 | D:1      | hawla the Felid Fire Elementalist began the quest for the
                  | Orb.
     0 | D:1      | Reached XP level 1. HP: 7/7 MP: 4/4
   203 | D:1      | Reached skill level 1 in Conjurations
  1153 | D:1      | Reached XP level 2. HP: 11/11 MP: 4/6
  1293 | D:1      | Found a faded altar of an unknown god.
  1438 | D:2      | Noticed Terence
  1738 | D:2      | Reached XP level 3. HP: 14/14 MP: 4/7
  1741 | D:2      | Learned a level 2 spell: Scorch
  2409 | D:3      | Noticed Jessica
  2413 | D:3      | Noticed Natasha
  2414 | D:3      | Killed Jessica
  2415 | D:3      | Reached XP level 4. HP: 17/18 MP: 0/8
  2438 | D:3      | Found a shadowy altar of Dithmenos.
  2661 | D:3      | Learned a level 4 spell: Flame Wave
  2694 | D:3      | Noticed Grinder
  2702 | D:3      | Paralysed by Grinder for 5 turns
  2896 | D:3      | Killed Grinder
  2897 | D:3      | Reached XP level 5. HP: 21/21 MP: 0/9
  2897 | D:3      | Gained mutation: You are covered in thick fur. (AC +2)
                  | [Felid growth]
  2897 | D:3      | Reached XP level 6. HP: 25/25 MP: 0/10
  3468 | D:3      | Killed Natasha
  4054 | D:3      | Noticed Natasha
  4064 | D:3      | Killed Natasha
  4096 | D:3      | Noticed Natasha
  4121 | D:4      | Mangled by an iguana
  4122 | D:4      | Reached XP level 5. HP: -6/21 MP: 0/9
  4132 | D:4      | Identified the +4 trident of Circularity {vamp, Int+3}
  4247 | D:4      | Noticed Sigmund
  4253 | D:4      | Killed Sigmund
  4254 | D:4      | Reached XP level 6. HP: 25/25 MP: 2/10
  4351 | D:4      | Reached skill level 1 in Unarmed Combat
  5007 | D:4      | Reached XP level 7. HP: 22/28 MP: 4/11
  5029 | D:3      | Killed Natasha
  5030 | D:3      | Reached skill level 5 in Fire Magic
  5527 | D:4      | Found a glowing silver altar of Zin.
  5603 | D:4      | Reached skill level 5 in Conjurations
  5796 | D:4      | Identified the +10 quarterstaff "Sughes" {elec, rC+ Stlth+}
  5826 | D:4      | Found a broken altar of Ashenzari.
  5948 | D:4      | Noticed Eustachio
  5963 | D:4      | HP: 1/28 [ufetubus[Eustachio] (4)]
  5964 | D:4      | Slain by an ufetubus
  5965 | D:4      | Reached XP level 6. HP: -3/25 MP: 0/10
  6113 | D:5      | Entered Level 5 of the Dungeon
  6508 | D:5      | Noticed a sky beast
  6540 | D:5      | Slain by a gnoll

Illustrated notes

Levels and vault maps discovered:
D:1:      matt_arrival_los_fun, layout_loops_cross,
          hellmonk_ecumenical_altar_defaced_shrine, dk_noncrumbling_4
D:2:      layout_basic, nrook_loot_triangle, hangedman_glass_teeth,
          serial_park_tiny_2, minmay_parallelograms, uniq_terence
D:3:      layout_basic, mainiacjoe_overflow_concentric_impassable,
          serial_aquarium, aquarium_bridge_island_small
          [aquarium_subvault_small_open, aquarium_subvault_wall,
          aquarium_subvault_bridge, aquarium_subvault_window,
          aquarium_subvault_wall], aquarium_window_double, aquarium_window_fake,
          aquarium_window_2, aquarium_view_2d, aquarium_view_2c,
          aquarium_balcony_1b, aquarium_pool_2, minmay_misc_feat_pillars,
          uniq_grinder, uniq_natasha, uniq_jessica
D:4:      layout_rooms, mainiacjoe_overflow_paths, mainiacjoe_overflow_alcove_4,
          uniq_eustachio, uniq_sigmund
D:5:      layout_basic

Skill      XL: |  1  2  3  4  5  6  7 |
---------------+----------------------+-----
Conjurations   | 1 3 4 5 |  5.1
Dodging        | 3 4 |  4.8
Stealth        | 3 |  3.7
Fire Magic     | 3 4 5 |  5.4
Unarmed Combat | 1 |  1.5
Fighting       | |  0.6
Spellcasting   | |  2.6

Action                   |  1- 3 |  4- 6 |  7- 9 || total
-------------------------+-------+-------+-------++-------
Melee: Unarmed           |    24 |     9 |     7 ||    40
       Bite              |     4 |       |       ||     4
 Cast: Foxfire           |    54 |    90 |    24 ||   168
       Scorch            |     3 |    18 |     7 ||    28
       Flame Wave        |       |     1 |       ||     1
Evoke: Wand              |       |       |     1 ||     1
  Use: Scroll            |     2 |     7 |     1 ||    10
       Potion            |     1 |     4 |       ||     5
Armor: Skin              |     5 |     3 |     2 ||    10
Dodge: Dodged            |    51 |    68 |    29 ||   148
